 Dungeon Crawl Stone Soup version 0.29-a0-25-g7f48f510a0 (webtiles) character file.

Game seed: 4216242411080542210

27 Bosse the Skirmisher (level 2, -3/24 HPs)
             Began as a Demonspawn Abyssal Knight on Jan 31, 2022.
             Was a Follower of Lugonu.
             Slain by Crazy Yiuf (7 damage)
             ... on level 1 of the Dungeon.
             The game lasted 00:06:14 (993 turns).

Bosse the Skirmisher (Demonspawn Abyssal Knight)     Turns: 993, Time: 00:06:15

Health: -3/24      AC:  5    Str: 13    XL:     2   Next: 93%
Magic:  0/4        EV: 11    Int: 11    God:    Lugonu [*.....]
Gold:   53         SH:  0    Dex: 13    Spells: 1/1 levels left

rFire   . . .      SeeInvis .   a - +1 hand axe
rCold   . . .      Faith    .   (no shield)
rNeg    . . .      Spirit   +   b - +0 leather armour
rPois   .          Reflect  .   (no helmet)
rElec   .          Harm     .   (no cloak)
rCorr   .          Rampage  .   (no gloves)
Will    .....                   (no boots)
Stlth   +.........              c - amulet of guardian spirit
HPRegen 0.08/turn               (no ring)
MPRegen 0.09/turn               (no ring)

@: no status effects
A: molten scales 1
a: Renounce Religion, Depart the Abyss


You were on level 1 of the Dungeon.
You worshipped Lugonu.
Lugonu was aware of your devotion.
You visited 1 branch of the dungeon, and saw 2 of its levels.
You visited the Abyss 1 time.

You collected 53 gold pieces.

Inventory:

Hand Weapons
 a - a +1 hand axe (weapon)
Armour
 b - a +0 leather armour (worn)
Jewellery
 c - an amulet of guardian spirit (around neck)
Scrolls
 d - a scroll of immolation {unknown}
Potions
 e - a potion of haste {unknown}
 f - a potion of curing {unknown}
 g - a potion of lignification {unknown}
 h - a potion of flight {unknown}
 i - a potion of invisibility {unknown}


   Skills:
 + Level 3.5 Fighting
 + Level 2.1 Axes
 + Level 2.0 Armour
 + Level 1.1 Dodging
 + Level 0.2 Stealth
 + Level 2.7 Invocations


You had one spell level left.
You didn't know any spells.
Your spell library was empty.

Dungeon Overview and Level Annotations

Branches:
Dungeon (2/15)

Altars:

Shops:
D:1 [!

Annotations:
D:1 Crazy Yiuf


Innate Abilities, Weirdness & Mutations

You are partially covered in molten scales. (AC +2)


Message History

You finish putting on your amulet of guardian spirit.
You feel your power drawn to a protective spirit.
c - an amulet of guardian spirit (around neck)
Found a stone staircase leading down.
Found a stone staircase leading up.
There is a stone staircase leading down here.
Found a robe.
There is a stone staircase leading up here.
Found 9 gold pieces.
You see here a +0 robe.
You now have 53 gold pieces (gained 9).
Found a runed mace.
Found a runed translucent door.
Crazy Yiuf shouts!
You open the door. Crazy Yiuf barely misses you.
There is an open translucent door here.
You barely miss Crazy Yiuf. Crazy Yiuf barely misses you.
Crazy Yiuf hits you with a +2 quarterstaff of chaos!
You feel your power leaking away.
You completely miss Crazy Yiuf.
Crazy Yiuf hits you with a +2 quarterstaff of chaos!
* * * LOW HITPOINT WARNING * * *
Crazy Yiuf freezes you.
* * * LOW HITPOINT WARNING * * *
Crazy Yiuf laughs, "Tonal light snail!"
Crazy Yiuf grits, "Island bush pizzabubble!"
Crazy Yiuf whimpers, "Ten aubergine rumpyflump!"
Crazy Yiuf says, "Shadow arga shrimp!"
You see here a +0 robe.
Crazy Yiuf laughs, "Pitchfork!
Ice eyeball Hive."
There is a stone staircase leading up here.
Crazy Yiuf hits you with a +2 quarterstaff of chaos.
* * * LOW HITPOINT WARNING * * *
You feel your power leaking away.
You climb upwards.
There is a stone staircase leading down here.
Crazy Yiuf grits, "Peeping shrimp tired!"
There is a stone staircase leading down here.
Crazy Yiuf hits you with a +2 quarterstaff of chaos!
You die...

#.....#
#.....#
#.##.#..
#.....#
#.....#
#.#.....
#.....#
#.....#
#.......
###.###
#.....#
#.#...#. #.#
#######
#....... #.#
#######
####.###
#.######.....#
#.#
#.....##.###.#
#.#
#####.@g...#.#
#.# ####.#.#.#
#.#
#.#.#.######.#
#............#
##############


You could see Crazy Yiuf.

Vanquished Creatures
  2 endoplasms (D:1)
  2 giant cockroaches (D:1)
  3 goblins (D:1)
  6 hobgoblins (D:1)
  A kobold (D:1)
  A quokka (D:1)
  2 ball pythons (D:1)
  3 bats (D:1)
  2 frilled lizards (D:1)
  2 rats (D:1)
24 creatures vanquished.

Notes
Turn   | Place    | Note
-------+----------+-------------------------------------------
     0 | Abyss:1  | Bosse the Demonspawn Abyssal Knight began the quest for the
                  | Orb.
     0 | Abyss:1  | Reached XP level 1. HP: 18/18 MP: 2/2
     0 | D:1      | Escaped the Abyss
    33 | D:1      | Reached skill level 1 in Dodging
   131 | D:1      | Found Guffaim's Distillery.
   133 | D:1      | Found Inuts's Armour Shop.
   152 | D:1      | Gained mutation: You are partially covered in molten
                  | scales. (AC +2) [demonic ancestry]
   152 | D:1      | Reached XP level 2. HP: 21/24 MP: 4/4
   351 | D:1      | Reached * piety under Lugonu
   953 | D:2      | Found a runed translucent door.
   954 | D:2      | Noticed Crazy Yiuf
   993 | D:1      | Slain by Crazy Yiuf

Illustrated notes

Levels and vault maps discovered:
D:1:      scummos_arrival_simple_crosswalls, layout_loops_cross, serial_shops,
          nicolae_shop_window_shopping, shop
D:2:      layout_loops_ring, uniq_robin, uniq_crazy_yiuf_cottage

Skill      XL: |  1  2 |
---------------+-------+-----
Dodging        | 1 |  1.1
Axes           | 2 |  2.1
Armour         | 2 |  2.0
Fighting       | |  3.5
Stealth        | |  0.2
Invocations    | |  2.7

Action                   || total
-------------------------++-------
Melee: Hand axe          ||    63
       Punch             ||     1
Invok: Depart the Abyss  ||     1
  Use: Scroll            ||     2
 Stab: Sleeping          ||     1
Armor: Leather armour    ||    32
Dodge: Dodged            ||    46

Table legend: (Time is in decaauts)
 A = Elapsed time spent in this place.
 B = Non-inter-level travel time spent in this place.
 C = Inter-level travel time spent in this place.
 D = Time resting spent in this place.
 E = Time spent auto-exploring this place.
 F = Levels seen in this place.
 G = Mean time per level.
                   A        B        C        D        E       F      G
               +--------+--------+--------+--------+--------+-----+--------+
         Total |   1005 |   1005 |      0 |     71 |    166 |   3 |  335.0 |
       Dungeon |   1005 |   1005 |      0 |     71 |    166 |   2 |  502.5 |
         Abyss |      0 |      0 |      0 |      0 |      0 |   1 |    0.0 |
               +--------+--------+--------+--------+--------+-----+--------+

Top non-repeatable levels by time:
     D:1: 828 daAuts
     D:2: 177 daAuts
